 Dungeon Crawl Stone Soup version 0.24-a0-157-g36218c0 (webtiles) character file.

Game seed: 14163003081509028915

4078 Gunnerkreig the Destroyer (level 10, 0/81 HPs)
             Began as a Black Draconian Wizard on Mar 4, 2019.
             Slain by a wight
             ... wielding a cursed +0 halberd
              (12 damage)
             ... on level 9 of the Dungeon.
             The game lasted 01:03:03 (11051 turns).

Gunnerkreig the Destroyer (Black Draconian Wizard) Turns: 11051, Time: 01:03:04

Health: 0/81       AC:  8    Str:  9    XL:     10   Next: 5%
Magic:  7/20       EV: 11    Int: 23    God:
Gold:   379        SH:  0    Dex:  9    Spells: 11/22 levels left

rFire    . . .     SeeInvis .   G - +5 morningstar
rCold    . . .     Gourm    .   (no shield)
rNeg     . . .     Faith    .   (armour unavailable)
rPois    .         Spirit   .   a - +1 hat
rElec    +         Reflect  .   (no cloak)
rCorr    .         Harm     .   (no gloves)
MR       +....                  (no boots)
Stlth    +.........             I - amulet of the acrobat
HPRegen  0.23/turn              l - ring of protection from magic
MPRegen  0.17/turn              (no ring)

@: heavily drained
A: breathe lightning, unfitting armour, mutation resistance 1, electricity
resistance, cold-blooded, AC +7
a: Breathe Lightning


You were on level 9 of the Dungeon.
You were hungry.

You visited 2 branches of the dungeon, and saw 9 of its levels.
You also visited: Ossuary.

You collected 379 gold pieces.

Inventory:

Hand Weapons
 e - a +0 spear
 x - a +0 long sword of protection
 D - a +0 falchion of freezing
 G - a +5 morningstar (weapon)
Missiles
 h - 223 stones (quivered)
Armour
 a - a +1 hat (worn)
Jewellery
 l - a ring of protection from magic (left hand)
 C - an uncursed amulet of harm
 I - an amulet of the acrobat (around neck)
Wands
 m - a wand of random effects (16)
 u - a wand of paralysis (5)
Scrolls
 f - 2 scrolls of enchant armour
 i - 7 scrolls of identify
 q - a scroll of fear
 r - a scroll of enchant weapon {unknown}
 w - 2 scrolls of amnesia
 y - a scroll of vulnerability {unknown}
 z - 3 scrolls of remove curse
 A - a scroll of blinking {unknown}
 B - 2 scrolls of magic mapping
 F - a scroll of fog
Potions
 b - 2 potions of heal wounds
 d - a potion of flight
 g - 3 potions of curing
 j - a potion of might
 k - 2 potions of magic
 n - a potion of agility
 o - 2 potions of brilliance
 p - 3 potions of haste
 s - a potion of experience
 t - a potion of lignification
 v - 2 potions of cancellation
 E - 2 potions of resistance {unknown}
Comestibles
 c - 5 rations


   Skills:
 + Level 5.5(3.8) Fighting
 + Level 2.1(0.5) Dodging
 - Level 1.7(0.2) Stealth
 + Level 6.6(4.9) Spellcasting
 * Level 10.0(8.1) Conjurations
 - Level 5.1(3.4) Summonings
 - Level 1.0(0.0) Translocations
 - Level 1.1(0.0) Fire Magic
 + Level 4.1(2.5) Air Magic


You had 11 spell levels left.
You knew the following spells:

 Your Spells              Type           Power        Failure   Level  Hunger
a - Magic Dart            Conj           ####         1%          1    None
b - Conjure Flame         Conj/Fire      ###.....     5%          3    ##.....
c - Mephitic Cloud        Conj/Pois/Air  ###.....     7%          3    ##.....
d - Blink                 Tloc           N/A          14%         2    None
e - Call Imp              Summ           ###.....     3%          2    None

Your spell library contained the following spells:

 Spells                   Type           Power        Failure   Level  Hunger
 Dazzling Spray           Conj/Hex       ###...       5%          3    ##.....
 Corona                   Hex            #......      10%         1    None
 Ensorcelled Hibernation  Hex/Ice        #.....       14%         2    None
 Slow                     Hex            #.......     14%         2    None
 Confuse                  Hex            #.......     28%         3    ##.....
 Tukima's Dance           Hex            #.......     28%         3    ##.....
 Cause Fear               Hex            #.........   67%         4    ####...
 Silence                  Hex/Air        ##........   83%         5    #####..
 Yara's Violent Unravell  Hex/Tmut       #.........   95%         5    #####..
 Deflect Missiles         Chrm/Air       ##........   100%        6    #######
 Discord                  Hex            #.........   100%        8    #######


Dungeon Overview and Level Annotations

Branches:
Dungeon (9/15)             Temple (1/1) D:6
   Lair: D:8-11         Orc: D:9-12

Altars:
Ashenzari
Cheibriados
Dithmenos
Elyvilon
Gozag
Hepliaklqana
Kikubaaqudgha
Makhleb
Nemelex Xobeh
Okawaru
Qazlal
Ru
Sif Muna
Trog
Uskayaw
Wu Jian
Xom
Yredelemnul
Zin
The Shining One

Shops:
D:6 [}?(   D:9 :


Innate Abilities, Weirdness & Mutations

You can breathe wild blasts of lightning.
Your glossy black scales are hard. (AC +7)
You cannot fit into any form of body armour.
You are resistant to electric shocks. (rElec)
You are cold-blooded and may be slowed by cold attacks.
You are somewhat resistant to further mutation.


Message History

The wight closely misses you.
The wight hits you with a cursed +0 halberd.
You feel drained.
You barely miss the wight.
The wight is severely damaged.
The wight hits you with a cursed +0 halberd!
* * * LOW HITPOINT WARNING * * *
You closely miss the wight.
The wight is severely damaged.
The wight hits you with a cursed +0 halberd.
* * * LOW HITPOINT WARNING * * *
You barely miss the wight.
You tail-slap the wight, but do no damage.
The wight is severely damaged.
The wight barely misses you.
You barely miss the wight.
The wight is severely damaged.
The wight barely misses you.
The wight hits you with a cursed +0 halberd!
You die...

**,,* **..# *,,** *#.# #
*** *,** #.# # ,,* #*+****
#.# ### ,,* #.,,,,*
#.#######>. ,,***#..,,,*
#.#.......# ,,,,,#...,,*
#####...#######
,,**,#....,*
######......## #
,,**,#.....###.z@...###.##
# ,,**,'.....)...######
#)# # ,,***#.....##### #.#
# *** #####** #.# # #.#
#.## # #..# # ** #####'###
### ,* #.......# #..


You could see a wight.

Vanquished Creatures
  A two-headed ogre (D:9)
  Pikel (D:7)
  Grinder (D:6)
  A water moccasin (D:6)
  An ice beast (D:7)
  4 slaves (D:7)
  A black bear (D:6)
  3 orc warriors
  A centaur (D:9)
  A phantom (D:5)
  An ogre (D:4)
  2 elf zombies (Ossuary)
  A bullfrog (D:6)
  3 scorpions
  10 wights
  2 howler monkeys
  A human zombie (Ossuary)
  3 crimson imps
  2 centaur zombies (D:6)
  A quasit (D:6)
  2 hounds
  6 orc priests
  2 bullfrog skeletons
  7 orc wizards
  2 centaur skeletons (D:5)
  2 worker ants
  A killer bee zombie (D:9)
  A big kobold zombie (Ossuary)
  2 mummies (Ossuary)
  3 gnolls (D:2)
  8 adders
  A shadow imp (D:6)
  An ooze (D:1)
  An adder zombie (Ossuary)
  An adder skeleton (D:4)
  4 worms
  4 dart slugs
  3 leopard geckos (D:6)
  25 orcs
  10 bats
  2 giant cockroaches (D:2)
  10 goblins
  6 hobgoblins
  10 jackals
  3 kobolds
  A ball python (D:4)
  3 frilled lizards
  2 goblin zombies (Ossuary)
  8 hobgoblin zombies (Ossuary)
  2 jackal zombies (Ossuary)
  10 kobold zombies (Ossuary)
  7 orc zombies (Ossuary)
  A quokka skeleton (D:5)
  9 rats
  3 rat zombies (Ossuary)
204 creatures vanquished.

Vanquished Creatures (collateral kills)
  A worker ant (D:9)
  An adder (D:9)
  A quokka zombie (D:9)
3 creatures vanquished.

Vanquished Creatures (others)
  2 bushes (D:9)
  6 plants (D:9)
8 creatures vanquished.

Grand Total: 215 creatures vanquished

Notes
Turn   | Place    | Note
-------+----------+-------------------------------------------
     0 | D:1      | Gunnerkreig the Draconian Wizard began the quest for the
                  | Orb.
     0 | D:1      | Reached XP level 1. HP: 14/14 MP: 4/4
   165 | D:1      | Reached XP level 2. HP: 3/20 MP: 0/6
   524 | D:1      | Reached skill level 2 in Conjurations
   843 | D:1      | Reached XP level 3. HP: 22/26 MP: 3/7
  1304 | D:2      | Reached skill level 3 in Conjurations
  1608 | D:2      | Reached XP level 4. HP: 33/33 MP: 5/9
  2167 | D:2      | Found an opulent altar of Gozag.
  2580 | D:3      | Reached skill level 4 in Conjurations
  2580 | D:3      | Reached XP level 5. HP: 12/38 MP: 0/10
  3674 | D:4      | Found a sand-covered staircase.
  3697 | D:4      | Reached skill level 5 in Conjurations
  3697 | D:4      | Reached XP level 6. HP: 23/45 MP: 1/12
  3772 | Ossuary  | Entered an ossuary
  3777 | Ossuary  | Learned a level 3 spell: Conjure Flame
  3954 | Ossuary  | Learned a level 2 spell: Call Imp
  4704 | Ossuary  | Reached skill level 6 in Conjurations
  4719 | Ossuary  | Your scales start taking on a glossy black colour.
  4719 | Ossuary  | Reached XP level 7. HP: 40/50 MP: 1/13
  4719 | Ossuary  | Gained mutation: You are resistant to electric shocks.
                  | (rElec) [Black Draconian growth]
  5183 | D:4      | Reached skill level 7 in Conjurations
  5266 | D:4      | Found a sacrificial altar of Ru.
  5493 | D:5      | Entered Level 5 of the Dungeon
  5603 | D:5      | Gained mutation: You are somewhat resistant to further
                  | mutation. [potion of mutation]
  5935 | D:5      | Reached skill level 1 in Fire Magic
  5940 | D:5      | Learned a level 3 spell: Mephitic Cloud
  5943 | D:5      | Learned a level 2 spell: Blink
  6490 | D:5      | Reached skill level 1 in Fighting
  6553 | D:5      | Found a glowing silver altar of Zin.
  6554 | D:5      | Found an ornate altar of the Wu Jian Council.
  6809 | D:5      | Reached XP level 8. HP: 44/59 MP: 13/15
  6987 | D:6      | Found a shattered altar of Ashenzari.
  7044 | D:6      | Found Ysugug's Magic Scroll Shoppe.
  7056 | D:6      | Reached skill level 8 in Conjurations
  7180 | D:6      | Found Safur's Antique Weapon Emporium.
  7236 | D:6      | Reached skill level 5 in Spellcasting
  7284 | D:6      | HP: 2/62 [orc priest/divine providence (14)]
  7686 | D:6      | Noticed Grinder
  7823 | D:6      | Killed Grinder
  7823 | D:6      | Reached skill level 9 in Conjurations
  8026 | D:6      | Reached XP level 9. HP: 25/70 MP: 10/17
  8382 | D:6      | Found Hirghom's Gadget Emporium.
  8425 | D:6      | Found Moawkeod's Armour Shop.
  8601 | D:6      | Found a burning altar of Makhleb.
  8612 | D:6      | Found a staircase to the Ecumenical Temple.
  8619 | Temple   | Entered the Ecumenical Temple
  8899 | D:6      | Found a deep blue altar of Sif Muna.
  8976 | D:7      | Noticed Pikel
  8992 | D:7      | Killed Pikel
  9932 | D:7      | You fall through a shaft for 2 floors!
 10705 | D:9      | Found Emileihe's Book Shop.
 10741 | D:9      | Reached skill level 5 in Fighting
 10871 | D:9      | Noticed a two-headed ogre
 10880 | D:9      | Killed a two-headed ogre
 10880 | D:9      | Reached skill level 5 in Summonings
 10880 | D:9      | Reached XP level 10. HP: 58/81 MP: 11/19
 11043 | D:9      | Reached skill level 10 in Conjurations
 11051 | D:9      | Slain by a wight

Levels and vault maps discovered:
D:1:      erik_arrival_triangle_small, layout_basic
D:2:      kennysheep_six_static_rooms, layout_loops_corners,
          nicolae_gozag_cash_rules_everything_around_me, first_ration,
          chequers_serial_rivers_micro_d
D:3:      layout_rooms
D:4:      layout_cave_pods, lemuel_crystal_altar,
          nicolae_ossuary_entry_monument, minmay_stone_trees_medium
D:5:      layout_basic, minitemple, minmay_misc_feat_rows
D:6:      layout_rooms, ashenzari_conservatory_becter, kennysheep_mini,
          lemuel_blue_sif_altar, minmay_temple_entry_glass, serial_shops, shop,
          nicolae_shop_competitors_out_of_business, shop, shop, serial_curves,
          eino_curves_02, eino_curves_01, uniq_grinder
D:7:      layout_basic, lemuel_doored_altar, uniq_pikel
D:9:      layout_roguey, fedhas_altar_decomposition, serial_shops, shop
Temple:   nicolae_temple_figure_eight
Ossuary:  ossuary_tomb_1

Skill      XL: |  1  2  3  4  5  6  7  8  9 10 |
---------------+-------------------------------+-----
Dodging        | 2 |  2.1
Conjurations   | 2 3 4 5 6 7 9 10 | 10.0
Spellcasting   | 4 5 6 |  6.6
Fire Magic     | 1 |  1.1
Fighting       | 1 3 5 |  5.5
Summonings     | 3 5 |  5.1
Air Magic      | 4 |  4.1
Stealth        | |  1.7
Translocations | |  1.0

Action                   |  1- 3 |  4- 6 |  7- 9 | 10-12 || total
-------------------------+-------+-------+-------+-------++-------
Melee: Unarmed           |    22 |       |       |       ||    22
       Tailslap          |     5 |    15 |    19 |     3 ||    42
       Spear             |    50 |   117 |   154 |    36 ||   357
       Long sword        |       |       |    74 |       ||    74
       Morningstar       |       |       |     4 |    18 ||    22
       Falchion          |       |       |     1 |       ||     1
Throw: Stone             |       |       |     2 |       ||     2
 Cast: Magic Dart        |    67 |   205 |   275 |    14 ||   561
       Conjure Flame     |       |     3 |    20 |     5 ||    28
       Mephitic Cloud    |       |       |     4 |       ||     4
       Call Imp          |       |       |     4 |     1 ||     5
 Abil: Breathe Lightning |       |       |     3 |       ||     3
  Use: Scroll            |     2 |     6 |    11 |       ||    19
       Potion            |       |     3 |     7 |       ||    10
  Eat: Chunk             |     2 |     6 |     8 |       ||    16
       Ration            |       |     2 |     3 |       ||     5
Armor: Skin              |    26 |    39 |   120 |     4 ||   189
Dodge: Dodged            |    59 |    99 |   153 |    14 ||   325
       Rpst.: Long sword |       |       |    13 |       ||    13

Table legend:
 A = Non-vault XP
 B = Vault XP
 C = Vault XP percentage of total XP
 D = Non-vault monster count
 E = Vault monster count
 F = Vault count percentage of total count
                 A         B        C        D         E       F
            +---------+---------+-------+---------+---------+-------
      Total |    4565 |    1261 |  21.6 |     156 |      47 |  23.2
            +---------+---------+-------+---------+---------+-------
        D:1 |      41 |       0 |   0.0 |      20 |       0 |   0.0
        D:2 |     131 |      10 |   7.1 |      25 |       6 |  19.4
        D:3 |     123 |       0 |   0.0 |      21 |       0 |   0.0
        D:4 |     289 |       0 |   0.0 |      10 |       0 |   0.0
        D:5 |     501 |       0 |   0.0 |      20 |       0 |   0.0
        D:6 |    1438 |     258 |  15.2 |      33 |       1 |   2.9
        D:7 |     438 |     641 |  59.4 |       8 |       1 |  11.1
        D:9 |    1604 |       0 |   0.0 |      19 |       0 |   0.0
    Ossuary |       0 |     352 | 100.0 |       0 |      39 | 100.0
            +---------+---------+-------+---------+---------+-------
